Sasquatch vs Remparts
Created - April 16, 2018 at 19:34
Goals
|
| Sasquatch |
1 |
0 |
2 |
0 |
0 |
3 |
| Remparts |
0 |
2 |
1 |
0 |
2 |
4 |
|
Shots
|
| Sasquatch |
11 |
5 |
9 |
1 |
2 |
26 |
| Remparts |
12 |
11 |
10 |
0 |
2 |
33 |
|
1st period
1. Sasquatch , Jason Zucker 27 (Matt Halischuk 31, Nick Bjugstad 46) at 5:25
Penalties :
No Penalty
2nd period
2. Remparts , Guillaume Desbiens 52 (Dainius Zubrus 42) at 0:15
3. Remparts , Pasi Salonen 21 (Mike Weber 28, William Colbert 23) at 4:36
Penalties :
Kris Russell (Que) for Hooking (Minor) at 7:46, Alex Galchenyuk (Que) for Cross-checking (Minor) at 15:35
3rd period
4. Sasquatch , Lauri Tukonen 25 (Nick Bjugstad 47) at 9:44
5. Sasquatch , Brock Trotter 21 (Jason Akeson 54, Patrick Wey 34) at 11:59
6. Remparts , Guillaume Desbiens 53 (Alex Galchenyuk 63, Dainius Zubrus 43) at 19:18
Penalties :
Ryan Strome (Que) for Hooking (Minor) at 2:01, Sergey Kalinin (Gat) for Delaying the game (Minor) at 6:53
Overtime #1
No Goal
Penalties :
No Penalty
Shootout
Penalty Shot by Jason Akeson for Sasquatch - Shot Misses the Net
Penalty Shot by Alex Galchenyuk for Remparts - Goal!
Penalty Shot by Jason Zucker for Sasquatch - Shot Misses the Net
Penalty Shot by Pasi Salonen for Remparts - Goal!
Penalties :
No Penalty
Goalie Stats
Joonas Korpisalo (Gat), 30 saves from 33 shots - (0.909), OTL, 7-12-1, 65:00 minutes
Igor Bobkov (Que), 23 saves from 26 shots - (0.885), W, 17-10-2, 65:00 minutes
Players Stats for Sasquatch
Player Name G A P +/- PIM S H SB GA TA FO MP PP MP PK MP
------------------------------------------------------------------------------------
Brandon Gormley 0 0 0 -1 0 4 4 0 1 1 0/0 21:16 2:45 0:51
Brock Trotter 1 0 1 2 0 4 1 0 1 0 0/0 15:00 0:06 0:32
Filip Forsberg 0 0 0 -1 0 3 2 1 1 0 0/2 16:47 3:09 0:00
Jason Akeson 0 1 1 -1 0 1 4 0 0 0 2/3 20:10 3:09 0:00
Jason Zucker 1 0 1 0 0 1 2 0 1 0 0/0 20:01 2:42 0:00
Lauri Tukonen 1 0 1 2 0 2 3 0 1 0 1/1 13:57 0:06 0:58
Martin Marincin 0 0 0 -1 0 1 0 0 0 0 0/0 16:21 0:00 1:08
Matt Halischuk 0 1 1 0 0 1 2 0 0 1 0/0 15:08 0:00 0:29
Matt Taormina 0 0 0 -2 0 1 3 2 0 0 0/0 23:50 2:45 0:50
Melker Karlsson 0 0 0 -2 0 1 3 0 1 0 14/28 21:23 3:09 0:58
Nick Bjugstad 0 2 2 1 0 2 2 0 0 0 7/13 20:25 2:42 0:29
Nick Leddy 0 0 0 2 0 4 1 0 0 0 0/0 25:06 3:12 0:18
Patrick Wey 0 1 1 2 0 0 2 0 1 0 0/0 25:55 3:12 0:51
Petr Straka 0 0 0 -1 0 0 0 0 0 0 0/0 14:29 2:42 0:00
Sergey Kalinin 0 0 0 2 2 0 3 0 0 0 3/7 14:07 0:06 0:00
Slava Voynov 0 0 0 0 0 1 0 1 0 0 0/0 16:25 0:00 0:00
T.J. Tynan 0 0 0 -1 0 0 0 0 0 1 1/2 7:55 0:00 0:00
Teemu Hartikainen 0 0 0 -1 0 0 1 0 0 0 0/1 9:45 0:00 0:32
Players Stats for Remparts
Player Name G A P +/- PIM S H SB GA TA FO MP PP MP PK MP
------------------------------------------------------------------------------------
Alex Galchenyuk 0 1 1 1 2 2 2 1 0 0 1/2 22:35 0:55 1:22
Cédric Lalonde-McNicoll 0 0 0 -1 0 1 2 0 0 0 3/9 14:25 0:00 0:05
Chris Mueller 0 0 0 0 0 1 0 0 1 0 2/3 9:00 0:00 0:26
Cody Ceci 0 0 0 1 0 1 2 2 0 2 0/0 32:01 1:31 3:44
Dainius Zubrus 0 2 2 0 0 3 4 1 0 0 12/23 20:02 0:55 1:31
Dale Weise 0 0 0 0 0 0 0 0 0 0 0/0 8:34 0:00 0:00
Erik Gustafsson 0 0 0 -1 0 1 1 1 0 0 0/0 16:31 0:28 1:57
Guillaume Desbiens 2 0 2 0 0 6 0 0 1 0 1/2 19:57 0:55 2:34
Johannes Salmonsson 0 0 0 -1 0 1 1 3 0 1 0/0 7:23 0:00 0:15
Justin Williams 0 0 0 -1 0 2 0 0 0 0 0/0 14:20 0:00 0:00
Kris Russell 0 0 0 2 2 2 0 2 0 1 0/0 26:35 1:31 1:30
Max Reinhart 0 0 0 1 0 1 0 4 0 1 10/17 22:21 1:04 3:28
Michal Jordan 0 0 0 -2 0 0 1 0 1 2 0/0 17:12 0:00 0:07
Mike Weber 0 1 1 1 0 2 3 2 0 0 0/0 14:14 0:00 2:23
Pasi Salonen 1 0 1 1 0 4 3 0 0 0 0/1 18:22 1:04 1:48
Patrick Maroon 0 0 0 -1 0 2 1 0 0 0 0/0 10:02 0:00 0:25
Ryan Strome 0 0 0 1 2 4 3 0 0 0 0/0 17:13 1:04 0:00
William Colbert 0 1 1 -1 0 0 1 2 0 0 0/0 23:13 0:28 2:13
3 Stars
1 - Guillaume Desbiens (Que)
2 - Lauri Tukonen (Gat)
3 - Pasi Salonen (Que)
Power Play
Sasquatch - 0 on 3 Attempt(s) - 0.00%
Remparts - 0 on 1 Attempt(s) - 0.00%
Penalty Kill
Sasquatch - 1 on 1 Attempt(s) - 100.00%
- Score 0 goal in Penalty Kill
Remparts - 3 on 3 Attempt(s) - 100.00%
- Score 0 goal in Penalty Kill
Team Stat
Sasquatch - Hits : 33 - Faceoff Wins : 28 - Blocked Shots : 4 - Penalty Minutes : 2
Remparts - Hits : 24 - Faceoff Wins : 29 - Blocked Shots : 18 - Penalty Minutes : 6
Official
Referees : Sutherland Kelly and LaRue Dennis
Linesman : Dan Schachte and Pierre Racicot
Game Notes
Johannes Salmonsson is injured at 8:01 of 2nd period (Herniated Disc)
Mike Weber is injured at 0:58 of 3rd period (Strained Right Elbow)
Filip Forsberg is injured at 10:11 of 3rd period (Torso)
Finance
Level 1 -- Attendance: 1610 (80.50%) -- Ticket Income $48,300
Level 2 -- Attendance: 734 (73.40%) -- Ticket Income $14,680
Total Attendance: 2344 (78.13%)
Total Ticket Income: $62,980
Other Income: $3,149
Total Income: $66,129
Sasquatch
5 vs 5 Forward
Center Left Wing Right Wing Time % Phy DF OF
1 Melker Karlsson Filip Forsberg Jason Akeson 40 1 2 2
2 Nick Bjugstad Jason Zucker Matt Halischuk 30 1 2 2
3 Sergey Kalinin Brock Trotter Lauri Tukonen 20 1 2 2
4 T.J. Tynan Teemu Hartikainen Petr Straka 10 1 2 2
5 vs 5 Defense
Defense Defense Time % Phy DF OF
1 Patrick Wey Nick Leddy 40 1 2 2
2 Brandon Gormley Matt Taormina 30 1 2 2
3 Martin Marincin Slava Voynov 20 1 2 2
4 Slava Voynov Matt Taormina 10 1 2 2
PowerPlay Forward
Center Left Wing Right Wing Time % Phy DF OF
1 Melker Karlsson Filip Forsberg Jason Akeson 60 1 2 2
2 Nick Bjugstad Jason Zucker Petr Straka 40 1 2 2
PowerPlay Defense
Defense Defense Time % Phy DF OF
1 Nick Leddy Patrick Wey 60 1 2 2
2 Brandon Gormley Matt Taormina 40 1 2 2
Penalty Kill 4 Players Forward
Center Wing Time % Phy DF OF
1 Melker Karlsson Lauri Tukonen 60 1 2 2
2 Sergey Kalinin Matt Halischuk 40 1 2 2
Penalty Kill 4 Players Defense
Defense Defense Time % Phy DF OF
1 Martin Marincin Matt Taormina 60 1 2 2
2 Brandon Gormley Patrick Wey 40 1 2 2
Penalty Kill - 3 Players Forward
Forward Time % Phy DF OF
1 Sergey Kalinin 60 1 2 2
2 Brock Trotter 40 1 2 2
Penalty Kill - 3 Players Defense
Defense Defense Time % Phy DF OF
1 Matt Taormina Brandon Gormley 60 1 2 2
2 Martin Marincin Patrick Wey 40 1 2 2
4 vs 4 Forward
Center Wing Time % Phy DF OF
1 Nick Bjugstad Filip Forsberg 60 1 2 2
2 Melker Karlsson Jason Zucker 40 1 2 2
4 vs 4 Defense
Defense Defense Time % Phy DF OF
1 Brandon Gormley Patrick Wey 60 1 2 2
2 Nick Leddy Martin Marincin 40 1 2 2
Last Minutes Offensive
Center Left Wing Right Wing Defense Defense
Nick Bjugstad Filip Forsberg Jason Akeson Brandon Gormley Nick Leddy
Last Minutes Defensive
Center Left Wing Right Wing Defense Defense
Melker Karlsson Filip Forsberg Matt Halischuk Martin Marincin Matt Taormina
Goaltenders
Starting : Joonas Korpisalo
Backup : Corey Crawford
Extra Forwards
Normal : Jason Zucker, Petr Straka, Teemu Hartikainen - PP : Jason Zucker, Melker Karlsson - PK : Teemu Hartikainen
Extra Defensemen
Normal : Brandon Gormley, Slava Voynov, Nick Leddy - PP : Brandon Gormley - PK : Nick Leddy, Slava Voynov
Penalty Shots
Jason Akeson, Jason Zucker, Nick Leddy, Filip Forsberg, Lauri Tukonen
Scratches
Andy Andreoff (Healthy), Drew Shore (Left Wrist Injury), Nicolas Deslauriers (Healthy), Ty Rattie (Healthy), Joey Laleggia (Healthy)
Andrew Campbell (Healthy), Jack Campbell (Healthy)
Remparts
5 vs 5 Forward
Center Left Wing Right Wing Time % Phy DF OF
1 Dainius Zubrus Alex Galchenyuk Guillaume Desbiens 40 1 2 2
2 Max Reinhart Pasi Salonen Ryan Strome 30 1 2 2
3 Cédric Lalonde-McNicoll Johannes Salmonsson Justin Williams 20 1 2 2
4 Chris Mueller Patrick Maroon Dale Weise 10 1 2 2
5 vs 5 Defense
Defense Defense Time % Phy DF OF
1 Kris Russell Cody Ceci 40 1 2 2
2 William Colbert Mike Weber 30 1 2 2
3 Michal Jordan Erik Gustafsson 20 1 2 2
4 Kris Russell Cody Ceci 10 1 2 2
PowerPlay Forward
Center Left Wing Right Wing Time % Phy DF OF
1 Dainius Zubrus Alex Galchenyuk Guillaume Desbiens 60 1 2 2
2 Max Reinhart Pasi Salonen Ryan Strome 40 1 2 2
PowerPlay Defense
Defense Defense Time % Phy DF OF
1 Kris Russell Mike Weber 60 1 2 2
2 William Colbert Erik Gustafsson 40 1 2 2
Penalty Kill 4 Players Forward
Center Wing Time % Phy DF OF
1 Max Reinhart Johannes Salmonsson 60 1 2 2
2 Chris Mueller Pasi Salonen 40 1 2 2
Penalty Kill 4 Players Defense
Defense Defense Time % Phy DF OF
1 Cody Ceci Mike Weber 60 1 2 2
2 William Colbert Kris Russell 40 1 2 2
Penalty Kill - 3 Players Forward
Forward Time % Phy DF OF
1 Max Reinhart 60 1 2 2
2 Johannes Salmonsson 40 1 2 2
Penalty Kill - 3 Players Defense
Defense Defense Time % Phy DF OF
1 Cody Ceci Mike Weber 60 1 2 2
2 William Colbert Kris Russell 40 1 2 2
4 vs 4 Forward
Center Wing Time % Phy DF OF
1 Dainius Zubrus Alex Galchenyuk 60 1 2 2
2 Max Reinhart Guillaume Desbiens 40 1 2 2
4 vs 4 Defense
Defense Defense Time % Phy DF OF
1 Kris Russell Cody Ceci 60 1 2 2
2 William Colbert Mike Weber 40 1 2 2
Last Minutes Offensive
Center Left Wing Right Wing Defense Defense
Dainius Zubrus Alex Galchenyuk Guillaume Desbiens Kris Russell Mike Weber
Last Minutes Defensive
Center Left Wing Right Wing Defense Defense
Max Reinhart Johannes Salmonsson Guillaume Desbiens Cody Ceci Mike Weber
Goaltenders
Starting : Igor Bobkov
Backup : Tyler Plante
Extra Forwards
Normal : Max Reinhart, Alex Galchenyuk, Ryan Strome - PP : Ryan Strome, Alex Galchenyuk - PK : Guillaume Desbiens
Extra Defensemen
Normal : Mike Weber, Cody Ceci, William Colbert - PP : Cody Ceci - PK : Erik Gustafsson, Michal Jordan
Penalty Shots
Alex Galchenyuk, Pasi Salonen, Justin Williams, Ryan Strome, Dainius Zubrus
Scratches
Griffin Reinhart (Healthy), Michael Paliotta (Healthy), Anton Zlobin (Healthy), Mitchell Heard (Healthy), Brandon Mashinter (Healthy)
Tim Bozon (Healthy), François Brassard (Healthy)
% Time on Ice - Sasquatch
Lines # - Real PCT - Wanted PCT - Time Play
Normal Forward
1 - 33% - 40% - 17:15
2 - 28% - 30% - 14:26
3 - 24% - 20% - 12:26
4 - 15% - 10% - 7:42
Normal Defense
1 - 40% - 40% - 20:53
2 - 29% - 30% - 15:08
3 - 23% - 20% - 11:59
4 - 7% - 10% - 3:49
PP Forward
1 - 55% - 60% - 3:15
2 - 45% - 40% - 2:42
PP Defense
1 - 54% - 60% - 3:12
2 - 46% - 40% - 2:45
PK Forward
1 - 76% - 60% - 1:30
2 - 24% - 40% - 0:29
PK Defense
1 - 57% - 60% - 1:08
2 - 43% - 40% - 0:51
PK3 Forward
1 - 0% - 60%
2 - 0% - 40%
PK3 Defense
1 - 0% - 60%
2 - 0% - 40%
44 Forward
1 - 100% - 60% - 5:00
2 - 0% - 40% - 0:00
44 Defense
1 - 56% - 60% - 2:49
2 - 44% - 40% - 2:11
Last Minute Offensive - 0:00
Last Minute Defensive - 0:15
Total
Forward - 65:00
Defense - 65:00
|
% Time on Ice - Remparts
Lines # - Real PCT - Wanted PCT - Time Play
Normal Forward
1 - 29% - 40% - 15:11
2 - 26% - 30% - 13:27
3 - 28% - 20% - 14:20
4 - 17% - 10% - 8:34
Normal Defense
1 - 34% - 40% - 17:45
2 - 36% - 30% - 18:18
3 - 26% - 20% - 13:18
4 - 4% - 10% - 2:11
PP Forward
1 - 46% - 60% - 0:55
2 - 54% - 40% - 1:04
PP Defense
1 - 76% - 60% - 1:31
2 - 24% - 40% - 0:28
PK Forward
1 - 93% - 60% - 5:31
2 - 7% - 40% - 0:26
PK Defense
1 - 63% - 60% - 3:44
2 - 37% - 40% - 2:13
PK3 Forward
1 - 0% - 60%
2 - 0% - 40%
PK3 Defense
1 - 0% - 60%
2 - 0% - 40%
44 Forward
1 - 87% - 60% - 4:22
2 - 13% - 40% - 0:38
44 Defense
1 - 26% - 60% - 1:19
2 - 74% - 40% - 3:41
Last Minute Offensive - 0:32
Last Minute Defensive - 0:00
Total
Forward - 65:00
Defense - 65:00
|
Play by Play
1st period
0:01 of 1st period - Melker Karlsson wins face-off versus Guillaume Desbiens in neutral zone.
0:06 of 1st period - Cody Ceci is hit by Filip Forsberg and loses puck.
0:33 of 1st period - Wrist shot by Matt Halischuk.
0:33 of 1st period - Shot Blocked by Kris Russell.
0:35 of 1st period - Slapshot by Patrick Wey.
0:35 of 1st period - Shot Misses the Net.
0:37 of 1st period - Slapshot by Patrick Wey.
0:37 of 1st period - Shot Blocked by Max Reinhart.
0:53 of 1st period - Slapshot by Matt Taormina.
0:53 of 1st period - Shot Blocked by Johannes Salmonsson.
0:55 of 1st period - Snap shot by Lauri Tukonen.
0:55 of 1st period - Stopped by Igor Bobkov without a rebound.
0:56 of 1st period - Chris Mueller wins face-off versus T.J. Tynan in Remparts zone.
1:21 of 1st period - Slava Voynov is hit by Dainius Zubrus and loses puck.
1:48 of 1st period - Wrist shot by Max Reinhart.
1:48 of 1st period - Deflect By Pasi Salonen.
1:48 of 1st period - Shot Misses the Net.
1:48 of 1st period - Puck is out of play.
1:49 of 1st period - Nick Bjugstad wins face-off versus Cédric Lalonde-McNicoll in Sasquatch zone.
1:58 of 1st period - Wrist shot by Nick Bjugstad.
1:58 of 1st period - Stopped by Igor Bobkov with a rebound.
2:16 of 1st period - Alex Galchenyuk is hit by Brock Trotter and loses puck.
2:39 of 1st period - Slapshot by Melker Karlsson.
2:39 of 1st period - Shot Misses the Net.
2:46 of 1st period - Icing by Cody Ceci.
2:47 of 1st period - Nick Bjugstad wins face-off versus Max Reinhart in Remparts zone.
3:18 of 1st period - Slapshot by Dainius Zubrus.
3:18 of 1st period - Stopped by Joonas Korpisalo with a rebound.
3:20 of 1st period - Slapshot by Cody Ceci.
3:20 of 1st period - Shot Blocked by Matt Taormina.
3:22 of 1st period - Snap shot by Cody Ceci.
3:22 of 1st period - Stopped by Joonas Korpisalo without a rebound.
3:23 of 1st period - Sergey Kalinin wins face-off versus Cédric Lalonde-McNicoll in Sasquatch zone.
3:28 of 1st period - Snap shot by Nick Leddy.
3:28 of 1st period - Shot Blocked by Mike Weber.
3:30 of 1st period - Wrist shot by Brock Trotter.
3:30 of 1st period - Stopped by Igor Bobkov without a rebound.
3:31 of 1st period - Sergey Kalinin wins face-off versus Cédric Lalonde-McNicoll in Remparts zone.
3:32 of 1st period - Snap shot by Brock Trotter.
3:32 of 1st period - Stopped by Igor Bobkov with a rebound.
3:36 of 1st period - Snap shot by Nick Leddy.
3:36 of 1st period - Stopped by Igor Bobkov without a rebound.
3:37 of 1st period - Melker Karlsson wins face-off versus Dainius Zubrus in Remparts zone.
3:38 of 1st period - Wrist shot by Filip Forsberg.
3:38 of 1st period - Stopped by Igor Bobkov without a rebound.
3:39 of 1st period - Melker Karlsson wins face-off versus Alex Galchenyuk in Remparts zone.
4:34 of 1st period - Snap shot by Max Reinhart.
4:34 of 1st period - Stopped by Joonas Korpisalo without a rebound.
4:35 of 1st period - Melker Karlsson wins face-off versus Dainius Zubrus in Sasquatch zone.
4:44 of 1st period - Slapshot by Filip Forsberg.
4:44 of 1st period - Stopped by Igor Bobkov with a rebound.
4:46 of 1st period - Backhand shot by Filip Forsberg.
4:46 of 1st period - Stopped by Igor Bobkov without a rebound.
4:47 of 1st period - Lauri Tukonen wins face-off versus Cédric Lalonde-McNicoll in Remparts zone.
5:23 of 1st period - Snap shot by Matt Halischuk.
5:23 of 1st period - Shot Misses the Net.
5:25 of 1st period - Snap shot by Matt Halischuk.
5:25 of 1st period - Deflect By Jason Zucker.
5:25 of 1st period - Goal by Jason Zucker - Sasquatch : 1 - Remparts : 0.
5:26 of 1st period - Dainius Zubrus wins face-off versus Melker Karlsson in neutral zone.
5:52 of 1st period - Sergey Kalinin is hit by Pasi Salonen and loses puck.
5:59 of 1st period - Wrist shot by Ryan Strome.
5:59 of 1st period - Stopped by Joonas Korpisalo with a rebound.
6:05 of 1st period - Snap shot by Ryan Strome.
6:05 of 1st period - Shot Blocked by Slava Voynov.
7:05 of 1st period - Wrist shot by Alex Galchenyuk.
7:05 of 1st period - Stopped by Joonas Korpisalo without a rebound.
7:06 of 1st period - Max Reinhart wins face-off versus Nick Bjugstad in Sasquatch zone.
7:07 of 1st period - Snap shot by Pasi Salonen.
7:07 of 1st period - Stopped by Joonas Korpisalo with a rebound.
7:09 of 1st period - Snap shot by Cody Ceci.
7:09 of 1st period - Deflect By Pasi Salonen.
7:09 of 1st period - Shot Misses the Net.
7:09 of 1st period - Puck is out of play.
7:10 of 1st period - Nick Bjugstad wins face-off versus Max Reinhart in Sasquatch zone.
7:26 of 1st period - Wrist shot by Ryan Strome.
7:26 of 1st period - Stopped by Joonas Korpisalo with a rebound.
7:36 of 1st period - Slapshot by Kris Russell.
7:36 of 1st period - Stopped by Joonas Korpisalo with a rebound.
7:38 of 1st period - Slapshot by Kris Russell.
7:38 of 1st period - Stopped by Joonas Korpisalo without a rebound.
7:39 of 1st period - Chris Mueller wins face-off versus Melker Karlsson in Sasquatch zone.
7:50 of 1st period - Wrist shot by Melker Karlsson.
7:50 of 1st period - Deflect By Filip Forsberg.
7:50 of 1st period - Shot Misses the Net.
7:50 of 1st period - Puck is out of play.
7:51 of 1st period - Dainius Zubrus wins face-off versus Melker Karlsson in Remparts zone.
8:21 of 1st period - Kris Russell is hit by Nick Leddy and loses puck.
9:06 of 1st period - Snap shot by Melker Karlsson.
9:06 of 1st period - Stopped by Igor Bobkov with a rebound.
9:26 of 1st period - Guillaume Desbiens is hit by Matt Halischuk.
9:32 of 1st period - Snap shot by Alex Galchenyuk.
9:32 of 1st period - Shot Blocked by Matt Taormina.
9:46 of 1st period - Teemu Hartikainen is hit by William Colbert and loses puck.
10:44 of 1st period - Wrist shot by Nick Bjugstad.
10:44 of 1st period - Shot Misses the Net.
10:54 of 1st period - Dainius Zubrus is hit by Matt Halischuk and loses puck.
11:03 of 1st period - Snap shot by Alex Galchenyuk.
11:03 of 1st period - Shot Hit the Post.
11:05 of 1st period - Wrist shot by Guillaume Desbiens.
11:05 of 1st period - Stopped by Joonas Korpisalo with a rebound.
11:07 of 1st period - Snap shot by Guillaume Desbiens.
11:07 of 1st period - Deflect By Alex Galchenyuk.
11:07 of 1st period - Shot Misses the Net.
11:07 of 1st period - Puck is out of play.
11:08 of 1st period - T.J. Tynan wins face-off versus Max Reinhart in Sasquatch zone.
11:19 of 1st period - Snap shot by Petr Straka.
11:19 of 1st period - Shot Blocked by Cody Ceci.
13:09 of 1st period - Cody Ceci is hit by Melker Karlsson and loses puck.
13:52 of 1st period - Backhand shot by Guillaume Desbiens.
13:52 of 1st period - Shot Misses the Net.
14:39 of 1st period - Snap shot by Pasi Salonen.
14:39 of 1st period - Stopped by Joonas Korpisalo with a rebound.
14:57 of 1st period - Wrist shot by Nick Leddy.
14:57 of 1st period - Shot Misses the Net.
14:59 of 1st period - Snap shot by Brock Trotter.
14:59 of 1st period - Shot Misses the Net.
15:01 of 1st period - Wrist shot by Sergey Kalinin.
15:01 of 1st period - Shot Blocked by Erik Gustafsson.
15:03 of 1st period - Slapshot by Patrick Wey.
15:03 of 1st period - Shot Blocked by Dainius Zubrus.
15:52 of 1st period - Dainius Zubrus is hit by Filip Forsberg and loses puck.
16:09 of 1st period - Johannes Salmonsson is hit by Sergey Kalinin and loses puck.
16:16 of 1st period - Lauri Tukonen is hit by Cédric Lalonde-McNicoll.
16:20 of 1st period - Michal Jordan is hit by Nick Bjugstad and loses puck.
16:57 of 1st period - Slapshot by Ryan Strome.
16:57 of 1st period - Stopped by Joonas Korpisalo with a rebound.
16:59 of 1st period - Slapshot by Max Reinhart.
16:59 of 1st period - Shot Misses the Net.
17:16 of 1st period - Wrist shot by Jason Akeson.
17:16 of 1st period - Shot Misses the Net.
17:24 of 1st period - Slava Voynov is hit by Mike Weber and loses puck.
17:35 of 1st period - Kris Russell is hit by Teemu Hartikainen and loses puck.
18:02 of 1st period - Snap shot by Matt Halischuk.
18:02 of 1st period - Stopped by Igor Bobkov with a rebound.
18:18 of 1st period - Matt Taormina is hit by Johannes Salmonsson.
18:43 of 1st period - Snap shot by Johannes Salmonsson.
18:43 of 1st period - Shot Misses the Net.
18:45 of 1st period - Wrist shot by Cédric Lalonde-McNicoll.
18:45 of 1st period - Shot Misses the Net.
18:47 of 1st period - Wrist shot by Johannes Salmonsson.
18:47 of 1st period - Shot Blocked by Filip Forsberg.
19:19 of 1st period - Wrist shot by Nick Leddy.
19:19 of 1st period - Shot Misses the Net.
19:21 of 1st period - Wrist shot by Nick Leddy.
19:21 of 1st period - Deflect By Melker Karlsson.
19:21 of 1st period - Shot Blocked by Johannes Salmonsson.
19:21 of 1st period - Puck is out of play.
19:22 of 1st period - Dainius Zubrus wins face-off versus Sergey Kalinin in Remparts zone.
19:57 of 1st period - Snap shot by Pasi Salonen.
19:57 of 1st period - Shot Misses the Net.
Goals for this period are 1 for Sasquatch vs 0 for Remparts.
Shots for this period are 11 for Sasquatch vs 12 for Remparts.
2nd period
0:01 of 2nd period - Dainius Zubrus wins face-off versus Filip Forsberg in neutral zone.
0:06 of 2nd period - Melker Karlsson is hit by Alex Galchenyuk and loses puck.
0:15 of 2nd period - Snap shot by Guillaume Desbiens.
0:15 of 2nd period - Goal by Guillaume Desbiens - Sasquatch : 1 - Remparts : 1.
0:16 of 2nd period - Dainius Zubrus wins face-off versus Melker Karlsson in neutral zone.
1:11 of 2nd period - Matt Taormina is hit by Mike Weber.
1:25 of 2nd period - Sergey Kalinin is hit by Mike Weber.
1:35 of 2nd period - Snap shot by Patrick Maroon.
1:35 of 2nd period - Stopped by Joonas Korpisalo with a rebound.
1:37 of 2nd period - Snap shot by Patrick Maroon.
1:37 of 2nd period - Shot Misses the Net.
1:44 of 2nd period - Icing by Lauri Tukonen.
1:45 of 2nd period - Dainius Zubrus wins face-off versus Melker Karlsson in Sasquatch zone.
2:21 of 2nd period - Pasi Salonen is hit by Jason Zucker.
2:40 of 2nd period - Slapshot by Slava Voynov.
2:40 of 2nd period - Shot Misses the Net.
3:12 of 2nd period - Slapshot by Slava Voynov.
3:12 of 2nd period - Deflect By Alex Galchenyuk.
3:12 of 2nd period - Stopped by Igor Bobkov with a rebound.
3:32 of 2nd period - Martin Marincin is hit by Ryan Strome and loses puck.
3:39 of 2nd period - Pasi Salonen is hit by Jason Akeson and loses puck.
3:43 of 2nd period - Icing by Mike Weber.
3:44 of 2nd period - Nick Bjugstad wins face-off versus Max Reinhart in Remparts zone.
3:53 of 2nd period - Matt Halischuk is hit by Ryan Strome and loses puck.
4:02 of 2nd period - William Colbert is hit by Matt Taormina and loses puck.
4:21 of 2nd period - William Colbert is hit by Brandon Gormley and loses puck.
4:30 of 2nd period - Wrist shot by Pasi Salonen.
4:30 of 2nd period - Stopped by Joonas Korpisalo with a rebound.
4:32 of 2nd period - Wrist shot by William Colbert.
4:32 of 2nd period - Shot Misses the Net.
4:34 of 2nd period - Slapshot by Mike Weber.
4:34 of 2nd period - Stopped by Joonas Korpisalo with a rebound.
4:36 of 2nd period - Wrist shot by Pasi Salonen.
4:36 of 2nd period - Goal by Pasi Salonen - Sasquatch : 1 - Remparts : 2.
4:37 of 2nd period - Melker Karlsson wins face-off versus Dainius Zubrus in neutral zone.
5:09 of 2nd period - Snap shot by Justin Williams.
5:09 of 2nd period - Shot Misses the Net.
5:25 of 2nd period - Patrick Maroon is hit by Lauri Tukonen and loses puck.
5:32 of 2nd period - Snap shot by Sergey Kalinin.
5:32 of 2nd period - Deflect By Lauri Tukonen.
5:32 of 2nd period - Shot Misses the Net.
5:32 of 2nd period - Puck is out of play.
5:33 of 2nd period - Melker Karlsson wins face-off versus Dainius Zubrus in Remparts zone.
6:22 of 2nd period - Snap shot by Nick Bjugstad.
6:22 of 2nd period - Stopped by Igor Bobkov without a rebound.
6:23 of 2nd period - Nick Bjugstad wins face-off versus Cédric Lalonde-McNicoll in Remparts zone.
6:24 of 2nd period - Wrist shot by Brandon Gormley.
6:24 of 2nd period - Stopped by Igor Bobkov with a rebound.
6:26 of 2nd period - Snap shot by Brandon Gormley.
6:26 of 2nd period - Stopped by Igor Bobkov with a rebound.
6:32 of 2nd period - Slapshot by Nick Bjugstad.
6:32 of 2nd period - Shot Blocked by Kris Russell.
6:36 of 2nd period - Snap shot by Jason Zucker.
6:36 of 2nd period - Shot Misses the Net.
6:38 of 2nd period - Snap shot by Brandon Gormley.
6:38 of 2nd period - Stopped by Igor Bobkov with a rebound.
6:59 of 2nd period - Slapshot by Justin Williams.
6:59 of 2nd period - Stopped by Joonas Korpisalo with a rebound.
7:01 of 2nd period - Snap shot by Justin Williams.
7:01 of 2nd period - Stopped by Joonas Korpisalo with a rebound.
7:03 of 2nd period - Snap shot by Johannes Salmonsson.
7:03 of 2nd period - Stopped by Joonas Korpisalo without a rebound.
7:04 of 2nd period - Dainius Zubrus wins face-off versus Melker Karlsson in Sasquatch zone.
7:05 of 2nd period - Wrist shot by Guillaume Desbiens.
7:05 of 2nd period - Stopped by Joonas Korpisalo without a rebound.
7:06 of 2nd period - Jason Akeson wins face-off versus Dainius Zubrus in Sasquatch zone.
7:11 of 2nd period - Dainius Zubrus is hit by Patrick Wey and loses puck.
7:22 of 2nd period - Snap shot by Alex Galchenyuk.
7:22 of 2nd period - Deflect By Dainius Zubrus.
7:22 of 2nd period - Stopped by Joonas Korpisalo with a rebound.
7:32 of 2nd period - Wrist shot by Filip Forsberg.
7:32 of 2nd period - Shot Blocked by Max Reinhart.
7:46 of 2nd period - Minor Penalty to Kris Russell for Hooking.
7:47 of 2nd period - Melker Karlsson wins face-off versus Max Reinhart in Remparts zone.
8:01 of 2nd period - Slapshot by Patrick Wey.
8:01 of 2nd period - Shot Blocked by Johannes Salmonsson.
8:01 of 2nd period - Johannes Salmonsson from Remparts is injured at 8:01 of 2nd period (Herniated Disc).
8:02 of 2nd period - Max Reinhart wins face-off versus Melker Karlsson in Remparts zone.
8:29 of 2nd period - Max Reinhart is hit by Jason Zucker and loses puck.
9:38 of 2nd period - Matt Taormina is hit by Dainius Zubrus and loses puck.
9:46 of 2nd period - Penalty to Kris Russell is over, Kris Russell is back on ice.
9:57 of 2nd period - Snap shot by Lauri Tukonen.
9:57 of 2nd period - Shot Misses the Net.
9:59 of 2nd period - Snap shot by Sergey Kalinin.
9:59 of 2nd period - Shot Blocked by Mike Weber.
10:01 of 2nd period - Wrist shot by Lauri Tukonen.
10:01 of 2nd period - Shot Misses the Net.
10:11 of 2nd period - Backhand shot by Mike Weber.
10:11 of 2nd period - Stopped by Joonas Korpisalo with a rebound.
10:20 of 2nd period - Icing by Cédric Lalonde-McNicoll.
10:21 of 2nd period - Cédric Lalonde-McNicoll wins face-off versus Sergey Kalinin in Remparts zone.
11:41 of 2nd period - Cédric Lalonde-McNicoll is hit by Lauri Tukonen and loses puck.
12:30 of 2nd period - Slapshot by Matt Taormina.
12:30 of 2nd period - Shot Misses the Net.
12:49 of 2nd period - Martin Marincin is hit by Erik Gustafsson.
14:31 of 2nd period - Slapshot by Mike Weber.
14:31 of 2nd period - Deflect By Pasi Salonen.
14:31 of 2nd period - Shot Misses the Net.
14:31 of 2nd period - Puck is out of play.
14:32 of 2nd period - Max Reinhart wins face-off versus Teemu Hartikainen in Sasquatch zone.
14:45 of 2nd period - Wrist shot by Petr Straka.
14:45 of 2nd period - Shot Misses the Net.
15:12 of 2nd period - Off-side.
15:13 of 2nd period - Cédric Lalonde-McNicoll wins face-off versus Nick Bjugstad in neutral zone.
15:35 of 2nd period - Minor Penalty to Alex Galchenyuk for Cross-checking.
15:36 of 2nd period - Max Reinhart wins face-off versus Melker Karlsson in Remparts zone.
15:47 of 2nd period - Max Reinhart is hit by Melker Karlsson and loses puck.
16:28 of 2nd period - Kris Russell is hit by Matt Taormina and loses puck.
17:06 of 2nd period - Jason Akeson is hit by Patrick Maroon and loses puck.
17:35 of 2nd period - Penalty to Alex Galchenyuk is over, Alex Galchenyuk is back on ice.
19:24 of 2nd period - Melker Karlsson is hit by Pasi Salonen.
19:35 of 2nd period - Icing by Jason Akeson.
19:36 of 2nd period - Nick Bjugstad wins face-off versus Chris Mueller in Sasquatch zone.
Goals for this period are 0 for Sasquatch vs 2 for Remparts.
Shots for this period are 5 for Sasquatch vs 11 for Remparts.
3rd period
0:01 of 3rd period - Dainius Zubrus wins face-off versus Melker Karlsson in neutral zone.
0:26 of 3rd period - Kris Russell is hit by Lauri Tukonen and loses puck.
0:45 of 3rd period - Snap shot by Alex Galchenyuk.
0:45 of 3rd period - Stopped by Joonas Korpisalo without a rebound.
0:46 of 3rd period - Melker Karlsson wins face-off versus Pasi Salonen in Sasquatch zone.
0:57 of 3rd period - Mike Weber is hit by Jason Akeson and loses puck.
0:58 of 3rd period - Mike Weber from Remparts is injured at 0:58 of 3rd period (Strained Right Elbow).
0:59 of 3rd period - Dainius Zubrus wins face-off versus Jason Akeson in Remparts zone.
1:06 of 3rd period - Slapshot by Alex Galchenyuk.
1:06 of 3rd period - Deflect By Matt Taormina.
1:06 of 3rd period - Shot Misses the Net.
1:06 of 3rd period - Puck is out of play.
1:07 of 3rd period - Melker Karlsson wins face-off versus Dainius Zubrus in Sasquatch zone.
1:56 of 3rd period - Wrist shot by Lauri Tukonen.
1:56 of 3rd period - Shot Blocked by Cody Ceci.
1:58 of 3rd period - Wrist shot by Lauri Tukonen.
1:58 of 3rd period - Deflect By Justin Williams.
1:58 of 3rd period - Shot Blocked by William Colbert.
1:58 of 3rd period - Puck is out of play.
1:59 of 3rd period - Max Reinhart wins face-off versus Sergey Kalinin in Remparts zone.
2:01 of 3rd period - Minor Penalty to Ryan Strome for Hooking.
2:02 of 3rd period - Max Reinhart wins face-off versus Melker Karlsson in Remparts zone.
2:02 of 3rd period - Max Reinhart is hit by Jason Akeson.
2:07 of 3rd period - Slapshot by Nick Leddy.
2:07 of 3rd period - Stopped by Igor Bobkov without a rebound.
2:08 of 3rd period - Melker Karlsson wins face-off versus Max Reinhart in Remparts zone.
2:09 of 3rd period - Snap shot by Jason Akeson.
2:09 of 3rd period - Deflect By Guillaume Desbiens.
2:09 of 3rd period - Shot Blocked by Max Reinhart.
2:09 of 3rd period - Puck is out of play.
2:10 of 3rd period - Max Reinhart wins face-off versus Filip Forsberg in Remparts zone.
2:10 of 3rd period - Max Reinhart is hit by Melker Karlsson.
2:21 of 3rd period - Off-side.
2:22 of 3rd period - Jason Akeson wins face-off versus Max Reinhart in neutral zone.
2:27 of 3rd period - Cody Ceci is hit by Jason Akeson.
3:37 of 3rd period - Guillaume Desbiens is hit by Nick Bjugstad and loses puck.
3:57 of 3rd period - Slapshot by Nick Leddy.
3:57 of 3rd period - Stopped by Igor Bobkov without a rebound.
3:58 of 3rd period - Max Reinhart wins face-off versus Melker Karlsson in Remparts zone.
3:58 of 3rd period - Max Reinhart is hit by Patrick Wey.
4:01 of 3rd period - Penalty to Ryan Strome is over, Ryan Strome is back on ice.
4:10 of 3rd period - Wrist shot by Guillaume Desbiens.
4:10 of 3rd period - Stopped by Joonas Korpisalo with a rebound.
5:36 of 3rd period - Ryan Strome is hit by Sergey Kalinin and loses puck.
5:55 of 3rd period - Wrist shot by Chris Mueller.
5:55 of 3rd period - Shot Misses the Net.
5:57 of 3rd period - Slapshot by William Colbert.
5:57 of 3rd period - Deflect By Patrick Maroon.
5:57 of 3rd period - Stopped by Joonas Korpisalo with a rebound.
6:19 of 3rd period - Brandon Gormley is hit by Michal Jordan and loses puck.
6:32 of 3rd period - Justin Williams is hit by Matt Taormina and loses puck.
6:40 of 3rd period - Icing by Kris Russell.
6:41 of 3rd period - Alex Galchenyuk wins face-off versus Sergey Kalinin in Remparts zone.
6:41 of 3rd period - Alex Galchenyuk is hit by Sergey Kalinin.
6:53 of 3rd period - Minor Penalty to Sergey Kalinin for Delaying the game.
6:54 of 3rd period - Melker Karlsson wins face-off versus Dainius Zubrus in Sasquatch zone.
7:21 of 3rd period - Martin Marincin is hit by Cody Ceci and loses puck.
8:50 of 3rd period - Kris Russell is hit by Brandon Gormley.
8:53 of 3rd period - Penalty to Sergey Kalinin is over, Sergey Kalinin is back on ice.
9:44 of 3rd period - Snap shot by Lauri Tukonen.
9:44 of 3rd period - Goal by Lauri Tukonen - Sasquatch : 2 - Remparts : 2.
9:45 of 3rd period - Nick Bjugstad wins face-off versus Dainius Zubrus in neutral zone.
9:58 of 3rd period - Snap shot by Jason Zucker.
9:58 of 3rd period - Shot Blocked by Alex Galchenyuk.
10:10 of 3rd period - Filip Forsberg is hit by Ryan Strome and loses puck.
10:11 of 3rd period - Filip Forsberg from Sasquatch is injured at 10:11 of 3rd period (Torso).
10:12 of 3rd period - Dainius Zubrus wins face-off versus Melker Karlsson in Sasquatch zone.
10:21 of 3rd period - Backhand shot by Guillaume Desbiens.
10:21 of 3rd period - Stopped by Joonas Korpisalo with a rebound.
10:37 of 3rd period - Lauri Tukonen is hit by Pasi Salonen and loses puck.
11:59 of 3rd period - Wrist shot by Brock Trotter.
11:59 of 3rd period - Goal by Brock Trotter - Sasquatch : 3 - Remparts : 2.
12:00 of 3rd period - Melker Karlsson wins face-off versus Dainius Zubrus in neutral zone.
13:23 of 3rd period - Snap shot by Brandon Gormley.
13:23 of 3rd period - Shot Misses the Net.
13:25 of 3rd period - Snap shot by Brandon Gormley.
13:25 of 3rd period - Stopped by Igor Bobkov with a rebound.
13:51 of 3rd period - Snap shot by Ryan Strome.
13:51 of 3rd period - Shot Misses the Net.
13:53 of 3rd period - Slapshot by Ryan Strome.
13:53 of 3rd period - Stopped by Joonas Korpisalo with a rebound.
14:19 of 3rd period - Snap shot by Patrick Maroon.
14:19 of 3rd period - Shot Misses the Net.
14:21 of 3rd period - Snap shot by Dale Weise.
14:21 of 3rd period - Shot Misses the Net.
14:23 of 3rd period - Snap shot by Chris Mueller.
14:23 of 3rd period - Stopped by Joonas Korpisalo without a rebound.
14:24 of 3rd period - Melker Karlsson wins face-off versus Cédric Lalonde-McNicoll in Sasquatch zone.
14:35 of 3rd period - Snap shot by Melker Karlsson.
14:35 of 3rd period - Shot Misses the Net.
14:45 of 3rd period - Lauri Tukonen is hit by Alex Galchenyuk.
15:11 of 3rd period - Snap shot by Nick Leddy.
15:11 of 3rd period - Stopped by Igor Bobkov without a rebound.
15:12 of 3rd period - Melker Karlsson wins face-off versus Dainius Zubrus in Remparts zone.
16:01 of 3rd period - Slapshot by Matt Taormina.
16:01 of 3rd period - Deflect By Erik Gustafsson.
16:01 of 3rd period - Stopped by Igor Bobkov with a rebound.
16:03 of 3rd period - Wrist shot by Jason Akeson.
16:03 of 3rd period - Stopped by Igor Bobkov without a rebound.
16:04 of 3rd period - Max Reinhart wins face-off versus Nick Bjugstad in Remparts zone.
16:29 of 3rd period - Patrick Wey is hit by Dainius Zubrus and loses puck.
16:48 of 3rd period - Slapshot by Patrick Wey.
16:48 of 3rd period - Deflect By Matt Halischuk.
16:48 of 3rd period - Shot Blocked by Max Reinhart.
16:48 of 3rd period - Puck is out of play.
16:49 of 3rd period - Cédric Lalonde-McNicoll wins face-off versus Nick Bjugstad in Remparts zone.
17:15 of 3rd period - Brandon Gormley is hit by Cédric Lalonde-McNicoll and loses puck.
18:05 of 3rd period - Slapshot by Erik Gustafsson.
18:05 of 3rd period - Stopped by Joonas Korpisalo with a rebound.
18:07 of 3rd period - Slapshot by Michal Jordan.
18:07 of 3rd period - Shot Misses the Net.
18:13 of 3rd period - Snap shot by Cédric Lalonde-McNicoll.
18:13 of 3rd period - Stopped by Joonas Korpisalo without a rebound.
18:14 of 3rd period - Dainius Zubrus wins face-off versus Melker Karlsson in Sasquatch zone.
18:15 of 3rd period - Wrist shot by Alex Galchenyuk.
18:15 of 3rd period - Shot Misses the Net.
18:17 of 3rd period - Wrist shot by Alex Galchenyuk.
18:17 of 3rd period - Shot Misses the Net.
18:39 of 3rd period - Melker Karlsson is hit by Dainius Zubrus.
18:43 of 3rd period - Backhand shot by Dainius Zubrus.
18:43 of 3rd period - Stopped by Joonas Korpisalo with a rebound.
18:55 of 3rd period - Slapshot by Jason Akeson.
18:55 of 3rd period - Shot Misses the Net.
18:57 of 3rd period - Wrist shot by Martin Marincin.
18:57 of 3rd period - Shot Hit the Post.
18:59 of 3rd period - Slapshot by Martin Marincin.
18:59 of 3rd period - Deflect By Alex Galchenyuk.
18:59 of 3rd period - Stopped by Igor Bobkov with a rebound.
19:01 of 3rd period - Snap shot by Jason Akeson.
19:01 of 3rd period - Shot Misses the Net.
19:03 of 3rd period - Snap shot by Petr Straka.
19:03 of 3rd period - Deflect By Jason Akeson.
19:03 of 3rd period - Shot Blocked by William Colbert.
19:03 of 3rd period - Puck is out of play.
19:04 of 3rd period - Glen Gulutzan call a timeout for Remparts.
19:04 of 3rd period - Guillaume Desbiens wins face-off versus Melker Karlsson in Remparts zone.
19:18 of 3rd period - Remparts, Igor Bobkov is pulled from the net.
19:18 of 3rd period - Snap shot by Guillaume Desbiens.
19:18 of 3rd period - Goal by Guillaume Desbiens - Sasquatch : 3 - Remparts : 3.
19:18 of 3rd period - Igor Bobkov from Remparts was sent back in the game.
19:19 of 3rd period - Max Reinhart wins face-off versus Nick Bjugstad in neutral zone.
Goals for this period are 2 for Sasquatch vs 1 for Remparts.
Shots for this period are 9 for Sasquatch vs 10 for Remparts.
Overtime #1
0:01 of 1st overtime period - Dainius Zubrus wins face-off versus Nick Bjugstad in neutral zone.
0:30 of 1st overtime period - Kris Russell is hit by Brandon Gormley.
0:49 of 1st overtime period - Patrick Wey is hit by Cody Ceci and loses puck.
1:16 of 1st overtime period - Snap shot by Brock Trotter.
1:16 of 1st overtime period - Stopped by Igor Bobkov with a rebound.
2:26 of 1st overtime period - Michal Jordan is hit by Brandon Gormley and loses puck.
3:17 of 1st overtime period - Icing by Brandon Gormley.
3:18 of 1st overtime period - Sergey Kalinin wins face-off versus Dainius Zubrus in Sasquatch zone.
Goals for this period are 0 for Sasquatch vs 0 for Remparts.
Shots for this period are 1 for Sasquatch vs 0 for Remparts.
ShootOut
5:00 of 1st overtime period - Penalty Shot by Jason Akeson for Sasquatch.
5:00 of 1st overtime period - Deke by Jason Akeson.
5:00 of 1st overtime period - Shot Misses the Net.
5:00 of 1st overtime period - Penalty Shot by Alex Galchenyuk for Remparts.
5:00 of 1st overtime period - Wrist shot by Alex Galchenyuk.
5:00 of 1st overtime period - Goal by Alex Galchenyuk.
5:00 of 1st overtime period - Penalty Shot by Jason Zucker for Sasquatch.
5:00 of 1st overtime period - Snap shot by Jason Zucker.
5:00 of 1st overtime period - Shot Misses the Net.
5:00 of 1st overtime period - Penalty Shot by Pasi Salonen for Remparts.
5:00 of 1st overtime period - Deke by Pasi Salonen.
5:00 of 1st overtime period - Goal by Pasi Salonen.
Back to the Top